cohdb
Replays
Latest Replays
All Replays
Popular Replays
Top Player Replays
Match Explorer
How It Works
Community
CoH3 Stats
Reddit
Sign in to upload your games and track your stats! →
Sign in with Steam
Match 42924837
Unlisted
Match 42924837
Overview
Messages
Build Orders
End
Kradschützen Motorcycle Team
Panzergrenadier Squad
Selects Italian Infantry
Panzergrenadier Squad
Construct Light Support Kompanie
Fire Support Elements
Panzergrenadier Squad
Veteran Squad Leaders
Selects Guastatori Squad
Selects Defensive Operations
Flakvierling Half-track
Construct Mechanized Kompanie
Emergency Repair Kits
Flakvierling Half-track
2.5-tonne Medical Truck
Assault Mechanized Group
254 Reconnaissance Tractor
boi_of_war
XuZhongwei
0
0
Comments
sign in to comment!
No comments posted yet!